 Dungeon Crawl Stone Soup version 0.18-a0-943-g2c08dd4 (webtiles) character file.

4124 George the Shield-Bearer (level 10, -2/64 HPs)
             Began as a Gargoyle Fighter on Dec 28, 2015.
             Was an Elder of Okawaru.
             Killed from afar by Erica (28 damage)
             ... with an orb of energy
             ... on level 8 of the Dungeon.
             The game lasted 00:17:07 (8242 turns).

George the Shield-Bearer (Gargoyle Fighter)         Turns: 8242, Time: 00:17:07

Health: -2/64      AC: 17    Str: 20    XL:     10   Next: 27%
Magic:  14/14      EV:  8    Int:  9    God:    Okawaru [****..]
Gold:   182        SH: 11    Dex: 12    Spells: 0 memorised, 9 levels left

rFire  . . .     SeeInvis .     a - +0 flail
rCold  . . .     Gourm    .     n - +0 chain mail
rNeg   + . .     Faith    .     c - +0 shield
rPois  ∞         Spirit   .     (no helmet)
rElec  +         Dismiss  .     (no cloak)
rCorr  .         Reflect  .     (no gloves)
SustAt .         Harm     .     (no boots)
MR     .....                    (no amulet)
Stlth  ..........               z - +2 ring of slaying
                                x - +2 ring of evasion

@: not resistant to hostile enchantments, extremely unstealthy
A: negative energy resistance 1, electricity resistance, unbreathing,
petrification resistance, rot immunity, AC +7
a: Heroism, Renounce Religion


You were on level 8 of the Dungeon.
You worshipped Okawaru.
Okawaru was greatly pleased with you.
You were hungry.

You visited 1 branch of the dungeon, and saw 8 of its levels.

You collected 300 gold pieces.
You spent 118 gold pieces at shops.

Inventory:

Hand Weapons
 a - a +0 flail (weapon)
Missiles
 J - 7 needles of sleeping
 L - 3 poisoned javelins (quivered)
Armour
 c - a +0 shield (worn)
 n - a +0 chain mail (worn)
Jewellery
 x - a +2 ring of evasion (left hand)
 z - a +2 ring of slaying (right hand)
Wands
 y - a wand of frost (33/48)
 B - a wand of confusion (31/48)
 D - a wand of disintegration (13/24)
 F - a wand of flame (31/48)
 I - a wand of magic darts (29/48)
Scrolls
 i - 2 scrolls of identify
 s - 3 scrolls of remove curse
 K - a scroll of enchant weapon {unknown}
Potions
 d - 3 potions of might
 k - 6 potions of curing
 l - 3 potions of haste
 w - a potion of invisibility
 H - a potion of cure mutation
Comestibles
 f - 4 bread rations
 p - 5 beef jerkies
 v - 4 meat rations
 M - a chunk of flesh


   Skills:
 + Level 7.7 Fighting
 + Level 7.5 Maces & Flails
 + Level 7.7 Armour
 + Level 7.9 Shields
 + Level 6.5 Invocations


You had 9 spell levels left.
You didn't know any spells.

Dungeon Overview and Level Annotations

Branches:
Dungeon (8/15)             Temple (0/1) D:5
   Lair: D:8-11

Altars:
Ashenzari
Gozag
Okawaru
Sif Muna
Xom
Zin

Shops:
D:5 (}**

Annotations:
D:8 Erica


Innate Abilities, Weirdness & Mutations

You are resistant to torment.
Your stone body is resilient (AC +7).
You are immune to poison.
You resist negative energy.
You are resistant to electric shocks.
You can survive without breathing.
You are immune to petrification.
You are immune to rotting.


Message History

You hear some strange, mumbled words.
A bolt of poison appears from out of thin air!
The bolt of poison hits you! You resist.
You closely miss something. Something hits you but does no damage.
You closely miss something. Something hits you. Something burns you.
You sock something! Something hits you but does no damage.
You sock something! Something hits you but does no damage.
You hit something. Something hits you. Something burns you.
You are feeling hungry.
You hit something. You miss something. Something hits you but does no damage.
You sock something! Something hits you! Something burns you.
You hit something. Something hits you. Something burns you.
You miss something. Something hits you but does no damage.
You hit something but do no damage. Something hits you. Something burns you.
Your chain mail prevents you from hitting something.
You hear some strange, mumbled words.
An orb of energy appears from out of thin air!
The orb of energy hits you!
You die...

######## #......#
#......# #).....#
... #......# ...
#......## ....
##.......# .....
#..@.###.# .....##
#.{).# .....Z.
#....#
......Z###....#
...$..Z...#.......
...!...##.#.######
....... #.#.#
.....># #...#
##.... #.###


There were no monsters in sight!

Vanquished Creatures
  The ghost of filipzpl the Stinger, a novice NaTm (D:5)
  Prince Ribbit (D:5)
  Sigmund (D:3)
  2 hippogriffs (D:7)
  The ghost of PinkishYellow the Sneak, an amateur SpEn (D:3)
  6 ogres
  An ice beast (D:7)
  A phantom (D:6)
  A wasp (D:7)
  2 necrophages (D:7)
  A centaur (D:7)
  A sky beast (D:6)
  Blork the orc (D:6)
  A water moccasin zombie (D:5)
  2 scorpions
  2 wights (D:7)
  4 killer bees (D:7)
  4 orc priests
  6 jellies
  5 crimson imps
  2 giant frog skeletons
  A gnoll shaman (D:6)
  2 hounds (D:7)
  Jessica (D:3)
  An iguana (D:7)
  Terence (D:2)
  Natasha (thrice) (D:2)
  4 worker ants
  7 orc wizards
  A killer bee zombie (D:7)
  2 hound zombies (D:7)
  3 hound skeletons
  2 worker ant zombies
  12 adders
  10 gnolls
  A shadow imp (D:7)
  3 adder skeletons
  2 worms (D:2)
  3 giant geckos
  26 orcs
  2 giant cockroaches
  6 goblins
  8 hobgoblins
  20 jackals
  4 quokkas
  A sheep (D:3)
  9 bats
  A giant gecko skeleton (D:4)
  A giant gecko zombie (D:5)
  2 giant newts
  13 kobolds
  8 rats
206 creatures vanquished.

Notes
Turn   | Place    | Note
--------------------------------------------------------------
     0 | D:1      | George the Gargoyle Fighter began the quest for the Orb.
     0 | D:1      | Reached XP level 1. HP: 14/14 MP: 1/1
    86 | D:1      | Reached XP level 2. HP: 19/19 MP: 2/2
   784 | D:2      | Reached XP level 3. HP: 23/23 MP: 3/3
   814 | D:2      | Found an iron altar of Okawaru.
  1001 | D:2      | Became a worshipper of Warmaster Okawaru
  1119 | D:2      | Noticed Natasha
  1140 | D:2      | Killed Natasha
  1140 | D:2      | Reached XP level 4. HP: 12/28 MP: 4/4
  1497 | D:2      | Reached skill level 1 in Invocations
  1543 | D:2      | Noticed Terence
  1574 | D:2      | Killed Terence
  1574 | D:2      | Reached skill level 4 in Maces & Flails
  1574 | D:2      | Reached XP level 5. HP: 19/33 MP: 4/6
  1771 | D:2      | Noticed Natasha
  1785 | D:2      | Killed Natasha
  1880 | D:2      | Noticed Natasha
  1886 | D:2      | Killed Natasha
  2159 | D:3      | Found a shimmering altar of Xom.
  2185 | D:3      | Reached XP level 6. HP: 29/38 MP: 7/7
  2294 | D:3      | Noticed Sigmund
  2310 | D:3      | Killed Sigmund
  2310 | D:3      | Reached * piety under Okawaru
  2539 | D:3      | Noticed PinkishYellow's ghost (amateur SpEn)
  2628 | D:3      | Killed PinkishYellow's ghost
  2628 | D:3      | Reached XP level 7. HP: 33/44 MP: 7/9
  2812 | D:3      | Noticed Jessica
  2844 | D:3      | Killed Jessica
  3040 | D:3      | Reached ** piety under Okawaru
  3318 | D:3      | Reached skill level 5 in Shields
  3723 | D:3      | Found a deep blue altar of Sif Muna.
  4008 | D:4      | Reached skill level 5 in Maces & Flails
  4025 | D:4      | Reached skill level 5 in Armour
  4176 | D:4      | Reached skill level 5 in Fighting
  4232 | D:4      | Reached XP level 8. HP: 27/49 MP: 10/10
  4633 | D:5      | Entered Level 5 of the Dungeon
  4633 | D:5      | Found Alubeyd's Assorted Antiques.
  4639 | D:5      | Found Zurphua's General Store.
  4661 | D:5      | Bought a diamond ring for 100 gold pieces
  4661 | D:5      | Bought a white potion for 18 gold pieces
  4692 | D:5      | Found a staircase to the Ecumenical Temple.
  4712 | D:5      | Found Ferom's Gadget Shoppe.
  4934 | D:5      | Found Xeiseih's Weapon Boutique.
  4956 | D:5      | Noticed filipzpl's ghost (novice NaTm)
  5008 | D:5      | Killed filipzpl's ghost
  5008 | D:5      | Reached *** piety under Okawaru
  5008 | D:5      | Reached skill level 6 in Armour
  5064 | D:5      | Got a shimmering ring mail
  5075 | D:5      | Identified the +0 ring mail of the Manifold Blessings {Int+3} (You found it on level 5 of the Dungeon)
  5265 | D:5      | Noticed Prince Ribbit
  5666 | D:5      | Killed Prince Ribbit
  5666 | D:5      | Reached XP level 9. HP: 25/55 MP: 12/12
  6017 | D:6      | Found a shattered altar of Ashenzari.
  6074 | D:6      | Reached skill level 5 in Invocations
  6168 | D:6      | Reached **** piety under Okawaru
  6340 | D:6      | Noticed Blork the orc
  6368 | D:6      | Killed Blork the orc
  6368 | D:6      | Reached skill level 7 in Shields
  7414 | D:7      | Received a gift from Okawaru
  7458 | D:7      | Reached XP level 10. HP: 54/63 MP: 14/14
  7479 | D:7      | Found a glowing silver altar of Zin.
  7512 | D:7      | Found an opulent altar of Gozag.
  7661 | D:7      | Received a gift from Okawaru
  8205 | D:8      | Noticed Erica
  8242 | D:8      | Killed from afar by Erica

Vault maps used:
D:1:      dpeg_arrival_arbitrary_b
D:2:      lemuel_doored_altar, first_bread, uniq_terence, uniq_natasha
D:3:      led_sif_pool, dk_xom_monty_hall, uniq_sigmund, uniq_jessica
D:5:      temple_fountains, serial_shops,
          nicolae_shop_temple_entry_statues_fountains,
          nicolae_shop_temple_entry_statues_fountains, shop_statue,
          shop_fountains, hangedman_decor_opposing, uniq_prince_ribbit1
D:6:      ashenzari_conservatory_becter, uniq_blork_the_orc
D:7:      grunt_gozag_statues, lemuel_round_altar, serial_undead,
          serial_undead_e, serial_undead_f, serial_undead_c, serial_undead_b,
          hangedman_decor_slide_cut
D:8:      nemelex_deck, serial_shops, kennysheep_mini_moat,
          hangedman_tree_tricks, uniq_erica

Action                   |  1- 3 |  4- 6 |  7- 9 | 10-12 || total
-------------------------+-------+-------+-------+-------++-------
Melee: Flail             |   113 |   207 |   647 |   136 ||  1103
Invok: Heroism           |       |       |     1 |       ||     1
Evoke: Wand              |       |       |     6 |       ||     6
  Use: Scroll            |       |       |    13 |       ||    13
 Stab: Confused          |       |       |     1 |       ||     1
  Eat: Chunk             |       |     6 |    16 |     2 ||    24
       Pizza             |       |       |     1 |       ||     1
